 Dungeon Crawl Stone Soup version 0.32-a0-814-g0968bab981 (webtiles) character file.

Game seed: 4888239069013385730

609 BlasphemerAmon the Changeling (level 7, 0/52 HPs)
             Began as a Coglin Shapeshifter on Mar 23, 2024.
             Was an Initiate of Yredelemnul.
             Splashed by a jelly's acid (10 damage)
             ... on level 5 of the Dungeon.
             The game lasted 00:06:45 (4812 turns).

BlasphemerAmon the Changeling (Coglin Shapeshifter) Turns: 4812, Time: 00:06:45

Health: 0/52       AC:  5    Str: 15    XL:     7   Next: 43%
Magic:  7/7        EV:  0    Int:  9    God:    Yredelemnul [......]
Gold:   208        SH:  0    Dex: 15    Spells: 6/6 levels left

rFire   + . .        q - +0 falchion {Gurmehar}
rCold   + . .        r - +0 long sword {Thoko}
rNeg    . . .        h - +0 gold dragon scales
rPois   +            (helmet currently unavailable)
rElec   .            w - melded +0 cloak
rCorr   .            (gloves currently unavailable)
SInv    .            x - melded +0 pair of boots
Will    .....        (amulet unavailable) Stlth
                     (ring unavailable)
HPRegen 0.28/turn    (ring unavailable)
MPRegen 0.10/turn    (no gizmo)

%: no passive effects
@: beast-form, corroded, wreathed by umbra, revving
A: beast (slay +2), off-hand wielding, slow wielding, warmup strikes, no
jewellery
a: Invent Gizmo, Begin Untransformation, Renounce Religion, Light the Black
Torch, Recall Undead Harvest


You were on level 5 of the Dungeon.
You worshipped Yredelemnul.
Yredelemnul was noncommittal.
You were a hulking beast.
You visited 1 branch of the dungeon, and saw 5 of its levels.
You also visited: Sewer.

You collected 208 gold pieces.

Inventory:

Hand Weapons
 n - a +0 rapier {Servius}
 q - a +0 falchion (weapon) {Gurmehar}
 r - a +0 long sword (offhand) {Thoko}
Armour
 a - a +0 animal skin
 h - +0 gold dragon scales (worn)
 w - a +0 cloak (melded)
 x - a +0 pair of boots (melded)
 C - a +0 helmet
Talismans
 c - a beast talisman (active)
 d - a flux talisman
Wands
 b - a wand of warping (3)
Scrolls
 e - 4 scrolls of teleportation {unknown}
 i - a scroll of vulnerability {unknown}
 k - a scroll of summoning {unknown}
 l - a scroll of blinking {unknown}
 o - a scroll of silence {unknown}
 p - a scroll of immolation {unknown}
 s - 2 scrolls of enchant weapon {unknown}
 v - 2 scrolls of noise {unknown}
 y - a scroll of fog {unknown}
Potions
 f - 4 potions of haste
 g - 4 potions of heal wounds {unknown}
 j - a potion of enlightenment {unknown}
 m - a potion of experience {unknown}
 t - 4 potions of curing {unknown}
 u - a potion of mutation {unknown}
 z - a potion of attraction {unknown}
 A - a potion of resistance {unknown}
 B - 3 potions of invisibility {unknown}


   Skills:
 + Level 3.3 Fighting
 + Level 2.7 Long Blades
 + Level 2.8 Axes
 + Level 2.1 Armour
 + Level 3.3 Dodging
 - Level 2.8 Unarmed Combat
 + Level 3.8 Shapeshifting


You had 6 spell levels left.
You didn't know any spells.
Your spell library was empty.

Dungeon Overview and Level Annotations

Branches:
Dungeon (5/15)             Temple (0/1) D:5           Sewer (visited)

Altars:
Yredelemnul

Shops:
D:2 !

Annotations:
D:5 Dowan, Duvessa


Innate Abilities, Weirdness & Mutations

You are a hulking beast.
Your limbs bulge with bestial killing power. (Slay +2)
You can wield a second weapon in your off-hand.
It takes a long time for you to wield or remove held weapons.
Your first few attacks do less damage.
You cannot equip rings or amulets.


Message History

You barely miss Dowan with your +0 long sword.
The jelly hits you but does no damage. Dowan hits you but does no damage.
Duvessa hits you with a +3 short sword of holy wrath.
Your orc zombie hits the jelly.
Your orc zombie is burned by acid!
The jelly hits you but does no damage.
Duvessa hits you with a +3 short sword of holy wrath.
A howler monkey skeleton comes into view.
Dowan gestures wildly while chanting.
Dowan blinks!
A hound zombie comes into view.
Your orc priest zombie hits the jelly.
Your orc priest zombie is burned by acid!
Your orc zombie hits the jelly.
Your orc zombie is burned by acid!
Dowan gestures at you while chanting. The puff of flame hits you. You resist.
Duvessa hits you with a +3 short sword of holy wrath.
The jelly hits you. The acid corrodes you!
You are splashed with acid!
You hit the jelly with your +0 falchion.
Your graspers burn!
The jelly is heavily wounded.
You hit the jelly but do no damage. The acid corrodes you!
Your graspers burn!
A centaur skeleton comes into view.
Your orc priest zombie barely misses the jelly.
Your orc zombie hits the jelly.
Your orc zombie is burned by acid!
The jelly hits you but does no damage.
Duvessa hits you with a +3 short sword of holy wrath.
You hit the jelly with your +0 falchion.
Your graspers burn!
* * * LOW HITPOINT WARNING * * *
The jelly is almost dead.
You hit the jelly but do no damage.
Your graspers burn!
* * * LOW HITPOINT WARNING * * *
The jelly hits you.
* * * LOW HITPOINT WARNING * * *
You are splashed with acid!
You die...
Your body rises from the dead as a mindless zombie.

.....# ###+####.....#
#..........Z.#
#..>....Z....# ......
Z....# .... .....#
#.##We...# #.Jhe.#####
#ZZ........
###Z###+#####
#.|........######
#...............#
#.........###..#######
#.........# #Z........
#.........# ##Z.......
#########.# #........


You could see Duvessa, a phantom, Dowan (ally target), a jelly (ally target), a
hound zombie, a centaur skeleton, a howler monkey skeleton, a friendly orc
zombie, a friendly orc priest zombie and a friendly bombardier beetle zombie.

Vanquished Creatures
  3 kobold brigands (Sewer)
  A scorpion (D:3)
  2 bombardier beetles
  A hound (D:5)
  An orc priest (D:5)
  An iguana (D:5)
  A scorpion zombie (D:4)
  A hound zombie (D:4)
  4 adders
  2 river rats (Sewer)
  An adder zombie (D:4)
  A ribbon worm (D:3)
  3 dart slugs
  6 orcs
  5 ball pythons
  4 endoplasms (D:1)
  5 giant cockroaches
  3 goblins
  6 hobgoblins
  3 jackals (D:1)
  7 quokkas
  4 bats
  3 frilled lizards
  A jackal zombie (D:4)
  22 kobolds
  19 rats
110 creatures vanquished.

Notes
Turn   | Place    | Note
-------+----------+-------------------------------------------
     0 | D:1      | BlasphemerAmon the Coglin Shapeshifter began the quest for
                  | the Orb.
     0 | D:1      | Reached XP level 1. HP: 15/15 MP: 1/1
   151 | D:1      | Reached XP level 2. HP: 21/21 MP: 2/2
   250 | D:1      | Found a faded altar of an unknown god.
   534 | D:1      | Reached XP level 3. HP: 26/26 MP: 3/3
   787 | D:2      | Found Xyjoakh's Distillery.
   985 | D:2      | Reached skill level 1 in Axes
  1535 | D:3      | Reached skill level 1 in Long Blades
  1535 | D:3      | Reached XP level 4. HP: 33/33 MP: 4/4
  2014 | D:3      | Noticed a scorpion
  2020 | D:3      | Killed a scorpion
  2021 | D:3      | Reached XP level 5. HP: 37/38 MP: 5/5
  2775 | D:4      | Found a glowing drain.
  2778 | D:4      | Reached skill level 1 in Armour
  2823 | Sewer    | Entered a sewer
  3000 | Sewer    | Reached XP level 6. HP: 25/46 MP: 6/6
  3824 | D:4      | Reached XP level 7. HP: 52/52 MP: 7/7
  3850 | D:4      | Found a basalt altar of Yredelemnul.
  3855 | D:4      | Became a worshipper of Yredelemnul the Fallen
  4313 | D:5      | Entered Level 5 of the Dungeon
  4432 | D:5      | Found a staircase to the Ecumenical Temple.
  4804 | D:5      | Noticed Dowan
  4807 | D:5      | Noticed Duvessa
  4812 | D:5      | Splashed by a jelly's acid

Illustrated notes

Levels and vault maps discovered:
D:1:      sevenhm_arrival_forest_fort_large_4, layout_loops_ring,
          hellmonk_ecumenical_altar_heavens_door, corexii_hall_statues_x
D:2:      layout_loops_ring, serial_shops, nicolae_shop_industrial_runoff
D:3:      layout_loops_ring
D:4:      layout_loops_cross, nicolae_yredelemnul_corpse_copse,
          portal_sewer_entry_a
D:5:      layout_basic, nicolae_overflow_hidden_temple,
          minmay_temple_entry_mini_moons, serial_undead, serial_undead_c,
          serial_undead_d, serial_undead_a, serial_undead_f, uniq_duvessa

Skill      XL: |  1  2  3  4  5  6  7 |
---------------+----------------------+-----
Dodging        | 2 3 |  3.3
Shapeshifting  | 3 |  3.8
Axes           | 1 2 |  2.8
Long Blades    | 1 2 |  2.7
Fighting       | 2 3 |  3.3
Armour         | 1 2 |  2.1
Unarmed Combat | |  2.8

Action                     |  1- 3 |  4- 6 |  7- 9 || total
---------------------------+-------+-------+-------++-------
  Melee: Unarmed           |    75 |       |       ||    75
         Rapier            |    11 |       |       ||    11
         Falchion          |     4 |   101 |    40 ||   145
         Long sword        |     2 |    99 |    41 ||   142
 Invoke: Light the Black T |       |       |     2 ||     2
    Use: Potion            |       |     2 |       ||     2
 Armour: Gold dragon scale |    84 |   195 |    75 ||   354
         Skin              |       |    18 |       ||    18
  Dodge: Dodged            |     6 |     2 |     3 ||    11
         Form:             |       |     2 |       ||     2
         Beast             |       |     2 |       ||     2
         Flux              |       |     1 |       ||     1

Table legend: (Time is in decaauts)
 A = Elapsed time spent in this place.
 B = Non-inter-level travel time spent in this place.
 C = Inter-level travel time spent in this place.
 D = Time resting spent in this place.
 E = Time spent auto-exploring this place.
 F = Levels seen in this place.
 G = Mean time per level.
                   A        B        C        D        E       F      G
               +--------+--------+--------+--------+--------+-----+--------+
         Total |   4839 |   4678 |    161 |   1227 |   2520 |   6 |  806.5 |
       Dungeon |   3879 |   3718 |    161 |    780 |   2175 |   5 |  775.8 |
         Sewer |    960 |    960 |      0 |    447 |    345 |   1 |  960.0 |
               +--------+--------+--------+--------+--------+-----+--------+

Top non-repeatable levels by time:
     D:3: 1177 daAuts
   Sewer: 960 daAuts
     D:1: 783 daAuts
     D:2: 718 daAuts
     D:4: 695 daAuts
     D:5: 504 daAuts
